 Dungeon Crawl Stone Soup version 0.31-a0-700-gf13585253f (webtiles) character file.

Game seed: 13975872182183266481

7 GigaChad the Shield-Bearer (level 2, -3/24 HPs)
             Began as a Formicid Fighter on Sept 7, 2023.
             Succumbed to a kobold's poison
             ... on level 1 of the Dungeon.
             The game lasted 00:00:30 (143 turns).

GigaChad the Shield-Bearer (Formicid Fighter)        Turns: 143, Time: 00:00:32

Health: -3/24      AC:  6    Str: 20    XL:     2   Next: 10%
Magic:  2/2        EV:  9    Int:  7    God:
Gold:   21         SH:  5    Dex: 13    Spells: 1/1 levels left

rFire   . . .        a - +0 war axe
rCold   . . .        c - +0 buckler
rNeg    . . .        b - +0 scale mail
rPois   .            (helmet unavailable)
rElec   .            (no cloak)
rCorr   .            (no gloves)
SInv    +            (no boots)
Will    .....        (no amulet) Stlth
                     (no ring)
HPRegen 0.24/turn    (no ring)
MPRegen 0.08/turn

%: no passive effects
@: lethally poisoned (-3 -> -23), invisible
A: permanent stasis, dig shafts and tunnels, antennae 3, four strong arms
a: Dig, Shaft Self


You were on level 1 of the Dungeon.
You visited 1 branch of the dungeon, and saw 1 of its levels.

You collected 21 gold pieces.

Inventory:

Hand Weapons
 a - a +0 war axe (weapon)
Armour
 b - a +0 scale mail (worn)
 c - a +0 buckler (worn)
Scrolls
 e - a scroll of teleportation {unknown}
 g - a scroll of torment {unknown}
Potions
 d - a potion of might
 f - a potion of invisibility


   Skills:
 * Level 3.4 Fighting
 * Level 2.1 Axes
 * Level 3.4 Armour
 * Level 4.1 Shields


You had one spell level left.
You didn't know any spells.
Your spell library was empty.

Dungeon Overview and Level Annotations

Branches:
Dungeon (1/15)

Altars:


Innate Abilities, Weirdness & Mutations

You cannot be hasted, slowed, berserked, paralysed or teleported.
You can dig through walls and to a lower floor.
You have a pair of large antennae on your head. (SInv)
Your four strong arms can wield two-handed weapons with a shield.


Message History

You barely miss the kobold. The bat hits you but does no damage.
The kobold hits you but does no damage.
You are poisoned.
Unknown command.
You barely miss the bat. You hit the kobold.
You feel very sick. The bat hits you but does no damage.
The kobold hits you but does no damage.
You are more poisoned.
You block the kobold's attack.
Unknown command.
You barely miss the kobold.
The kobold is severely wounded.
You feel very sick. The bat hits you but does no damage.
You block the bat's attack. The kobold hits you but does no damage.
You are lethally poisoned!
Unknown command.
You miss the kobold.
The kobold is severely wounded.
You feel extremely sick. The bat hits you but does no damage.
The kobold closely misses you. The kobold hits you but does no damage.
You are more poisoned.
Unknown command.
You are too injured to fight recklessly!
Unknown command.
You are too injured to fight recklessly!
It was a potion of invisibility.
You fade into invisibility!
* * * LOW HITPOINT WARNING * * *
You feel very sick. The bat hits you but does no damage.
The goblin hits you but does no damage. The kobold closely misses you.
You hit the kobold.
You kill the kobold!
You hit the goblin.
You kill the goblin!
You slash the bat!
You kill the bat!
You die...

##################
..................
##########.....#####.
........†............
######..##.....###.#)
..#..##.....# #.#.
######.#..##.....# #.#.
.#.$....#..##.....###.#[
.......@.........[......
.......))##..........###
........................
.........##.############
.........>...#
.........#. ..#
.........## # {
>........#


There were no monsters in sight!

Vanquished Creatures
  2 goblins (D:1)
  3 hobgoblins (D:1)
  2 ball pythons (D:1)
  A bat (D:1)
  2 kobolds (D:1)
10 creatures vanquished.

Notes
Turn   | Place    | Note
-------+----------+-------------------------------------------
     0 | D:1      | GigaChad the Formicid Fighter began the quest for the Orb.
     0 | D:1      | Reached XP level 1. HP: 18/18 MP: 1/1
   124 | D:1      | Reached XP level 2. HP: 24/24 MP: 2/2
   143 | D:1      | Succumbed to a kobold's poison

Illustrated notes

Levels and vault maps discovered:
D:1:      psy_arrival_dodecagon, layout_basic

Action                     || total
---------------------------++-------
  Melee: War axe           ||    27
    Use: Potion            ||     1
 Armour: Scale mail        ||    26
  Dodge: Dodged            ||    15
  Block: Buckler           ||     7

Table legend: (Time is in decaauts)
 A = Elapsed time spent in this place.
 B = Non-inter-level travel time spent in this place.
 C = Inter-level travel time spent in this place.
 D = Time resting spent in this place.
 E = Time spent auto-exploring this place.
 F = Levels seen in this place.
 G = Mean time per level.
                   A        B        C        D        E       F      G
               +--------+--------+--------+--------+--------+-----+--------+
         Total |    154 |    154 |      0 |      0 |     92 |   1 |  154.0 |
       Dungeon |    154 |    154 |      0 |      0 |     92 |   1 |  154.0 |
               +--------+--------+--------+--------+--------+-----+--------+

Top non-repeatable levels by time:
     D:1: 154 daAuts
